 Dungeon Crawl Stone Soup version 0.26.1-11-gd32895ea62 (webtiles) character file.

Game seed: 40958291043759288

174 Descartes the Magician (level 5, -1/28 HPs)
             Began as a Deep Elf Hedge Wizard on May 30, 2021.
             Was an Initiate of Gozag.
             Killed by nerve-wracking pain
             ... invoked by an orc priest
              (14 damage)
             ... on level 3 of the Dungeon.
             The game lasted 00:05:25 (3930 turns).

Descartes the Magician (Deep Elf Hedge Wizard)      Turns: 3930, Time: 00:05:26

Health: -1/28      AC:  2    Str:  8    XL:     5   Next: 28%
Magic:  0/14       EV: 14    Int: 19    God:    Gozag
Gold:   71         SH:  0    Dex: 14    Spells: 13/14 levels left

rFire    . . .     SeeInvis .   a - +0 dagger
rCold    . . .     Faith    .   (no shield)
rNeg     . . .     Spirit   .   b - +0 robe
rPois    .         Reflect  .   c - +0 hat
rElec    .         Harm     .   (no cloak)
rCorr    .         Rampage  .   (no gloves)
Will     .....                  (no boots)
Stlth    ++........             (no amulet)
HPRegen  0.09/turn              (no ring)
MPRegen  0.14/turn              (no ring)

@: gold aura
A: no striking features
a: Renounce Religion, Potion Petition, Call Merchant, Bribe Branch


You were on level 3 of the Dungeon.
You worshipped Gozag.
Gozag was noncommittal.
You visited 1 branch of the dungeon, and saw 3 of its levels.

You collected 120 gold pieces.
You paid 49 gold pieces to Gozag.

Inventory:

Hand Weapons
 a - a +0 dagger (weapon)
Armour
 b - a +0 robe (worn)
 c - a +0 hat (worn)
Jewellery
 d - an uncursed ring of stealth {unknown}
Scrolls
 e - 4 scrolls of remove curse {unknown}
 f - 2 scrolls of enchant weapon {unknown}
 g - a scroll of fear {unknown}
 h - a scroll of magic mapping {unknown}
 j - a scroll of random uselessness {unknown}
 k - 3 scrolls of identify {unknown}
 l - a scroll of fog {unknown}
 n - a scroll of blinking {unknown}
Potions
 i - 2 potions of heal wounds {unknown}
 m - a potion of might {unknown}
 o - a potion of haste
 p - a potion of brilliance {unknown}
 q - a potion of flight {unknown}
 r - a potion of mutation {unknown}


   Skills:
 + Level 4.2 Dodging
 - Level 2.4 Stealth
 - Level 5.0 Spellcasting
 + Level 3.1 Conjurations
 - Level 1.1 Summonings
 + Level 3.1 Translocations


You had 13 spell levels left.
You knew the following spells:

 Your Spells              Type           Power        Failure   Level
a - Magic Dart            Conj           64%          3%          1

Your spell library contained the following spells:

 Spells                   Type           Power        Failure   Level
 Blink                    Tloc           N/A          4%          2
 Call Imp                 Summ           8%           12%         2
 Slow                     Hex            4%           19%         2
 Conjure Flame            Conj/Fire      10%          21%         3
 Mephitic Cloud           Conj/Pois/Air  8%           24%         3


Dungeon Overview and Level Annotations

Branches:
Dungeon (3/15)

Altars:
Gozag


Message History

You barely miss the orc priest.
The orc priest is almost dead.
The orc priest misses you.
You closely miss the orc priest.
The orc priest is almost dead.
Casting: Magic Dart (safe; 3% risk of failure)
Confirm with . or Enter, or press ? or * to list all spells.
Aiming: Magic Dart (safe; 3% risk of failure)
Press: ? - help, Shift-Dir - straight line The magic dart hits the orc priest but does no damage.
The orc priest is almost dead.
The orc priest hits you with a +0 mace.
You have 71 gold pieces.
Unknown command.
The orc is no longer distracted by gold.
The orc priest invokes the aid of Beogh against you.
Pain shoots through your body!
Ouch! That really hurt!
You die...
Your body crumbles into a pile of gold.

#.#.(...≈.## #.#
#.#...†#≈#########.#
#.#...<#≈#.......#.######
#.##.###≈#####..........#
#.##. $ ## #..........#
#.### #..........# #.#
#..........##### #.#
#......≈.).....# #.# #.#
#.@...≈≈≈).###.# #.# #.#
#......≈≈≈≈..≈.# #†# #.#
#oo....(.≈≈≈≈≈≈#
#.####.###
#$.........###≈≈≈
#.##.....## #..........#
##
##.#.8...8.####..........#
#..#.......#.)...........#
#......_..)..####.#.#.####
#$.#.......#....#...#...


You could see an orc priest and an orc.

Vanquished Creatures
  An orc priest (D:2)
  Jessica (D:2)
  3 adders (D:2)
  3 gnolls (D:2)
  2 dart slugs
  A leopard gecko (D:1)
  3 orcs
  A ball python (D:3)
  4 giant cockroaches
  3 goblins
  8 hobgoblins
  8 kobolds
  A quokka (D:2)
  10 bats
  4 frilled lizards
  8 rats
61 creatures vanquished.

Notes
Turn   | Place    | Note
-------+----------+-------------------------------------------
     0 | D:1      | Descartes the Deep Elf Hedge Wizard began the quest for the
                  | Orb.
     0 | D:1      | Reached XP level 1. HP: 10/10 MP: 7/7
   233 | D:1      | Reached XP level 2. HP: 15/15 MP: 0/9
  1423 | D:1      | Reached XP level 3. HP: 19/19 MP: 9/11
  1570 | D:2      | Noticed Jessica
  1575 | D:2      | Killed Jessica
  1576 | D:2      | Reached skill level 5 in Spellcasting
  2058 | D:2      | Reached XP level 4. HP: 24/24 MP: 5/13
  3326 | D:2      | Reached XP level 5. HP: 13/28 MP: 0/14
  3707 | D:3      | Found an opulent altar of Gozag.
  3714 | D:3      | Became a worshipper of Gozag Ym Sagoz the Greedy
  3930 | D:3      | Killed from afar by an orc priest

Illustrated notes

Levels and vault maps discovered:
D:1:      scummos_arrival_checkerplants, layout_basic, serial_rivers,
          chequers_serial_rivers_large_b, chequers_serial_rivers_marsh,
          chequers_serial_rivers_micro_a, chequers_serial_rivers_small_a,
          chequers_serial_rivers_micro_a
D:2:      layout_basic, minmay_crystal_room, uniq_jessica
D:3:      layout_basic, serial_rivers, chequers_serial_rivers_large_a,
          chequers_serial_rivers_micro_a, chequers_serial_rivers_small_a,
          chequers_serial_rivers_room_a, chequers_serial_rivers_micro_a,
          grunt_gozag_statues, uniq_terence

Skill      XL: |  1  2  3  4 |
---------------+-------------+-----
Dodging        | 3 4 |  4.2
Spellcasting   | 5 |  5.0
Conjurations   | 2 3 |  3.1
Translocations | 2 3 |  3.1
Stealth        | |  2.4
Summonings     | |  1.1

Action                   |  1- 3 |  4- 6 || total
-------------------------+-------+-------++-------
Melee: Dagger            |     3 |     4 ||     7
 Cast: Magic Dart        |    91 |   105 ||   196
Armor: Robe              |     5 |     3 ||     8
Dodge: Dodged            |    18 |    21 ||    39
